 Dungeon Sprint DCSS version 0.26-a0-800-g517d6fe721 (webtiles) character file.

Game seed: 4572025092870373014

301 sahdkjhfkaj the Thrower (level 6, 0/59 HPs)
             Began as an Ogre Hunter on Nov 12, 2020.
             Slain by Sonja
             ... wielding a +2 short sword of venom
              (8 damage)
             ... in the Dungeon (Sprint I: "Red Sonja").
             The game lasted 00:00:50 (219 turns).

sahdkjhfkaj the Thrower (Ogre Hunter)                Turns: 219, Time: 00:00:51

Health: 0/59       AC:  3    Str: 19    XL:     6   Next: 37%
Magic:  6/6        EV: 10    Int: 12    God:
Gold:   162        SH:  0    Dex:  9    Spells: 5/5 levels left

rFire    . . .     SeeInvis .   a - +0 short sword
rCold    . . .     Faith    .   (no shield)
rNeg     . . .     Spirit   .   b - +0 robe
rPois    .         Reflect  .   (helmet restricted)
rElec    .         Harm     .   (no cloak)
rCorr    .         Rampage  .   (gloves unavailable)
MR       .....     NoTele   +   (boots unavailable)
Stlth    +.........             (no amulet)
HPRegen  0.19/turn              (no ring)
MPRegen  0.10/turn              (no ring)

@: lethally poisoned (0 -> -44), slowed, very slow
A: large, unfitting armour, tough skin 1
a: no special abilities


You were in the Dungeon.
You visited 1 branch You collected 162 gold pieces.

Inventory:

Hand Weapons
 a - a +0 short sword (weapon)
Missiles
 d - 2 throwing nets (quivered) {!f}
Armour
 b - a +0 robe (worn)
Wands
 c - a wand of polymorph (8)
Scrolls
 e - a scroll of amnesia {!r, unknown}
 j - a scroll of blinking {!r}
Potions
 f - a potion of heal wounds {!q}
 g - a potion of haste {!q}
 h - 2 potions of magic {!q}
 i - a potion of berserk rage {!q}
 l - a potion of curing {!q}


   Skills:
 - Level 2.6 Fighting
 + Level 13.1 Throwing
 - Level 1.7 Dodging
 - Level 0.6 Stealth


You had 5 spell levels left.
You didn't know any spells.
Your spell library was empty.

Dungeon Overview and Level Annotations

Branches:
Dungeon (1/1)

Altars:
Sif Muna
Vehumet
Wu Jian

Annotations:
D Sonja


Innate Abilities, Weirdness & Mutations

You are too large for most types of armour.
You have tough skin. (AC +1)


Message History

You feel very sick.
Sonja throws a curare-tipped dart.
The curare-tipped dart hits you.
You are more poisoned.
You have difficulty breathing.
* * * LOW HITPOINT WARNING * * *
You feel as though you will be slow longer.
Unknown command.
Unknown command.
Throwing (i - inventory. (/) - cycle)
k - a large rock (quivered)
Press: ? - help, Shift-Dir - straight line, f/p - Sonja
Aim: Sonja, wielding a +2 short sword of venom You throw a large rock.
The large rock completely misses Sonja.
* * * LOW HITPOINT WARNING * * *
You feel extremely sick.
Sonja hits you with a +2 short sword of venom.
* * * LOW HITPOINT WARNING * * *
You are more poisoned.
Sonja barely misses you. Sonja closely misses you.
Sonja hits you with a +2 short sword of venom!
You die...

################
#<.#..)..#..'..#
#..)..#..').#..+
#..#####'#####'#
#..# #..# #(#
#..# #### ##.#
#..# #+#_.+ #⌠⌠#
+(K._# ####
#_@#+# ##'# #.#
$.$ $.$ ##.##
#+#


You could see Sonja.

Vanquished Creatures
  Sigmund (D)
  An ogre (D)
  A jelly (D)
  Ijyb (D)
4 creatures vanquished.

Notes
Turn   | Place    | Note
-------+----------+-------------------------------------------
     0 | D        | sahdkjhfkaj the Ogre Hunter began the quest for the Orb.
     0 | D        | Reached XP level 1. HP: 22/22 MP: 1/1
     1 | D        | Noticed Ijyb
     6 | D        | Killed Ijyb
     6 | D        | Reached skill level 7 in Throwing
     6 | D        | Reached XP level 2. HP: 29/29 MP: 2/2
     6 | D        | Reached XP level 3. HP: 36/36 MP: 3/3
    39 | D        | Noticed an ogre
    43 | D        | Killed an ogre
    43 | D        | Reached skill level 9 in Throwing
    43 | D        | Reached XP level 4. HP: 26/44 MP: 4/4
   181 | D        | Noticed Sigmund
   185 | D        | Killed Sigmund
   185 | D        | Reached skill level 12 in Throwing
   185 | D        | Reached XP level 5. HP: 50/50 MP: 5/5
   185 | D        | Reached XP level 6. HP: 59/59 MP: 6/6
   203 | D        | Found a shimmering blue altar of Sif Muna.
   204 | D        | Found an ornate altar of the Wu Jian Council.
   205 | D        | Reached skill level 13 in Throwing
   206 | D        | Found a radiant altar of Vehumet.
   214 | D        | Noticed Sonja
   219 | D        | Slain by Sonja

Illustrated notes

Levels and vault maps discovered:
D:        dungeon_sprint_1 [red_sonja_temple_1, red_sonja_temple_small_1]

Skill      XL: |  1  2  3  4  5  6 |
---------------+-------------------+-----
Throwing       | 7 9 12 13 | 13.1
Fighting       | |  2.6
Dodging        | |  1.7
Stealth        | |  0.6

Action                   |  1- 3 |  4- 6 || total
-------------------------+-------+-------++-------
Throw: Large rock        |     9 |     9 ||    18
  Use: Potion            |       |     1 ||     1
Armor: Robe              |       |     1 ||     1
Dodge: Dodged            |     4 |     8 ||    12

Table legend: (Time is in decaauts)
 A = Elapsed time spent in this place.
 B = Non-inter-level travel time spent in this place.
 C = Inter-level travel time spent in this place.
 D = Time resting spent in this place.
 E = Time spent auto-exploring this place.
 F = Levels seen in this place.
 G = Mean time per level.
                   A        B        C        D        E       F      G
               +--------+--------+--------+--------+--------+-----+--------+
         Total |    230 |    230 |      0 |    147 |     16 |   1 |  230.0 |
       Dungeon |    230 |    230 |      0 |    147 |     16 |   1 |  230.0 |
               +--------+--------+--------+--------+--------+-----+--------+

Top non-repeatable levels by time:
       D: 230 daAuts
